 Dungeon Crawl Stone Soup version 0.28-a0-503-g83f2989fac (webtiles) character file.

Game seed: 12923580835789747499

1102 lunkers the Magician (level 8, -4/61 HPs)
             Began as a Djinni Cinder Acolyte on Sept 20, 2021.
             Was a High Priest of Ignis.
             Shot with an arrow by a centaur (8 damage)
             ... on level 5 of the Dungeon.
             The game lasted 00:11:15 (6362 turns).

lunkers the Magician (Djinni Cinder Acolyte)        Turns: 6362, Time: 00:11:16

Health: -4/61      AC:  2    Str: 13    XL:     8   Next: 58%
Gold:   197        EV: 11    Int: 18    God:    Ignis [*****.] SH:  0 Dex:  9

rFire   + + +      SeeInvis .   f - +0 short sword (flame)
rCold   x . .      Faith    .   (no shield)
rNeg    . . .      Spirit   .   b - +0 robe
rPois   ∞          Reflect  .   (no helmet)
rElec   .          Harm     .   (no cloak)
rCorr   +          Rampage  .   (no gloves)
Will    .....                   (boots unavailable)
Stlth   +.........              (no amulet)
HPRegen 0.20/turn               l - ring of resist corrosion
MPRegen 0.00/turn               (no ring)

@: flying
A: sickness immunity, fire resistance 2, cold vulnerability 1, float, innate
caster, hp casting, extra vitality 1
a: Renounce Religion, Sea of Fire, Foxfire Swarm, Rising Flame


You were on level 5 of the Dungeon.
You worshipped Ignis.
Ignis was extremely pleased with you.
You visited 1 branch of the dungeon, and saw 5 of its levels.

You collected 197 gold pieces.

Inventory:

Hand Weapons
 a - a -1 short sword of flaming
 f - a +0 short sword of flaming (weapon)
 m - a +2 dagger of venom
Armour
 b - a +0 robe (worn)
Jewellery
 l - a ring of resist corrosion (left hand)
 s - a ring of willpower
Scrolls
 c - a scroll of teleportation {unknown}
 g - a scroll of brand weapon {unknown}
 j - a scroll of holy word {unknown}
 k - 2 scrolls of magic mapping
 p - a scroll of fear {unknown}
 q - a scroll of identify
 r - a scroll of fog {unknown}
 t - a scroll of enchant armour {unknown}
 u - a scroll of amnesia {unknown}
Potions
 e - a potion of brilliance
 h - a potion of resistance
 i - 4 potions of curing
 n - a potion of heal wounds
 o - a potion of flight {unknown}


   Skills:
 + Level 6.2 Fighting
 - Level 2.6 Short Blades
 * Level 6.5 Spellcasting


You had 13 spell levels left.
You knew the following spells:

 Your Spells              Type           Power      Damage    Failure   Level
a - Poisonous Vapours     Pois/Air       58%        N/A       1%          2
b - Summon Small Mammal   Summ           100%       N/A       1%          1
c - Scorch                Fire           58%        2d8       1%          2
d - Wereblood             Tmut           29%        N/A       1%          2
Your spell library was empty.

Dungeon Overview and Level Annotations

Branches:
Dungeon (5/15)
 Temple: D:4-7

Altars:
Trog

Shops:
D:1 *


Innate Abilities, Weirdness & Mutations

You are immune to sickness and miasma.
You are immune to poison.
Your flesh is very heat resistant. (rF++)
You are vulnerable to cold. (rC-)
You float through the air rather than walking.
You learn spells naturally, not from books.
Your magical power is your life essence.
You have superior vitality. (+4 HP)


Message History

The ufetubus shouts!
Casting: Scorch (safe; 1% risk of failure)
Press: ? - help, Q - select action, (/) - cycle Dir - look around, f - activate Flames lash the ufetubus.
The ufetubus is burned terribly!
You kill the ufetubus!
* * * LOW HITPOINT WARNING * * *
Casting: Scorch (safe; 1% risk of failure)
Press: ? - help, Q - select action, (/) - cycle Dir - look around, f - activate Flames lash the phantom.
The phantom is almost destroyed.
The phantom's fire resistance burns away.
* * * LOW HITPOINT WARNING * * *
Unknown command.
Casting: Scorch (safe; 1% risk of failure)
Press: ? - help, Q - select action, (/) - cycle Dir - look around, f - activate Flames lash the phantom.
The phantom is burned terribly!
You destroy the phantom!
* * * LOW HITPOINT WARNING * * *
The centaur shoots an arrow.
The arrow hits you!
* * * LOW HITPOINT WARNING * * *
Unknown command.
The centaur shoots an arrow.
The arrow hits you.
* * * LOW HITPOINT WARNING * * *
Unknown command.
Casting: Scorch (safe; 1% risk of failure)
Press: ? - help, Q - select action, (/) - cycle Dir - look around, f - activate Flames lash the centaur.
The centaur is moderately wounded.
The centaur's fire resistance burns away.
* * * LOW HITPOINT WARNING * * *
The centaur shoots an arrow.
The arrow hits you.
* * * LOW HITPOINT WARNING * * *
Unknown command.
Casting: Scorch (safe; 1% risk of failure)
Press: ? - help, Q - select action, (/) - cycle Dir - look around, f - activate Flames lash the centaur.
The centaur is moderately wounded.
* * * LOW HITPOINT WARNING * * *
The centaur shoots an arrow.
The arrow hits you!
You die...

...#...# ###...###.#
..#...# ##.c)..#...#
.....###......#...#
#..).##.W###.#...#
#....#.†.# #...#
..####....#W?.##..#...#
...5..............#...#
######.###########...####
#..c.@......÷.........
#########...#...>#.##.
#..##....#.# ####..#### .
..## . ..# .. .. ..


You could see a centaur (combustible).

Vanquished Creatures
  Edmund (D:4)
  A necrophage (D:4)
  2 ogres
  A phantom (D:5)
  2 water moccasin skeletons (D:5)
  A howler monkey (D:3)
  A bullfrog zombie (D:5)
  2 jellies
  A hound (D:5)
  3 orc priests (D:4)
  2 iguanas
  4 orc wizards
  3 gnolls (D:3)
  3 adders
  An ufetubus (D:5)
  An adder skeleton (D:4)
  5 dart slugs
  4 worms
  7 orcs
  4 bats
  8 endoplasms
  3 giant cockroaches
  6 goblins
  10 hobgoblins
  12 jackals
  8 kobolds
  6 ball pythons
  4 frilled lizards
  A jackal skeleton (D:4)
  6 rats
113 creatures vanquished.

Vanquished Creatures (others)
  A fungus (D:3)
  7 plants (D:3)
8 creatures vanquished.

Grand Total: 121 creatures vanquished

Notes
Turn   | Place    | Note
-------+----------+-------------------------------------------
     0 | D:1      | lunkers the Djinni Cinder Acolyte began the quest for the
                  | Orb.
     0 | D:1      | Reached XP level 1. HP: 20/20 MP: 0/0
    74 | D:1      | Reached XP level 2. HP: 10/25 MP: 0/0
   781 | D:1      | Reached XP level 3. HP: 21/30 MP: 0/0
   781 | D:1      | Learned a level 1 spell: Summon Small Mammal
   949 | D:1      | Found Tusisk's General Store.
  1811 | D:2      | Reached XP level 4. HP: 29/35 MP: 0/0
  2860 | D:3      | Reached XP level 5. HP: 27/41 MP: 0/0
  2860 | D:3      | Learned a level 2 spell: Poisonous Vapours
  3308 | D:3      | Found a faded altar of an unknown god.
  3750 | D:3      | Reached XP level 6. HP: 33/47 MP: 0/0
  4006 | D:4      | Noticed a necrophage
  4006 | D:4      | Found a bloodstained altar of Trog.
  4014 | D:4      | Killed a necrophage
  4672 | D:4      | Reached XP level 7. HP: 49/53 MP: 0/0
  4672 | D:4      | Learned a level 2 spell: Wereblood
  4740 | D:4      | Noticed Edmund
  4762 | D:4      | Killed Edmund
  4763 | D:4      | Reached skill level 5 in Fighting
  4763 | D:4      | Reached skill level 5 in Spellcasting
  5885 | D:3      | Reached XP level 8. HP: 39/60 MP: 0/0
  6075 | D:5      | Entered Level 5 of the Dungeon
  6362 | D:5      | Shot with an arrow by a centaur

Illustrated notes

Levels and vault maps discovered:
D:1:      shiori_arrival_maze, layout_basic, serial_shops,
          nicolae_shop_statue_plus
D:2:      layout_basic
D:3:      layout_rooms, dreamdust_ecumenical_altar_grove, minmay_unequal
D:4:      layout_basic, lemuel_crystal_altar, cheibrodos_sewer_entry_drain,
          uniq_edmund
D:5:      minmay_recursive_quarters, layout_rooms, st_stairs_13,
          uniq_prince_ribbit1

Skill      XL: |  1  2  3  4  5  6  7  8 |
---------------+-------------------------+-----
Spellcasting   | 3 4 5 6 |  6.5
Fighting       | 4 5 6 |  6.2
Short Blades   | |  2.6

Action                   |  1- 3 |  4- 6 |  7- 9 || total
-------------------------+-------+-------+-------++-------
Melee: Short sword       |    33 |       |    15 ||    48
 Cast: Scorch            |    41 |    58 |    55 ||   154
       Poisonous Vapours |       |    17 |    27 ||    44
  Use: Scroll            |     1 |     4 |     3 ||     8
Armor: Robe              |     9 |     2 |     3 ||    14
Dodge: Dodged            |    25 |     9 |    15 ||    49

Table legend: (Time is in decaauts)
 A = Elapsed time spent in this place.
 B = Non-inter-level travel time spent in this place.
 C = Inter-level travel time spent in this place.
 D = Time resting spent in this place.
 E = Time spent auto-exploring this place.
 F = Levels seen in this place.
 G = Mean time per level.
                   A        B        C        D        E       F      G
               +--------+--------+--------+--------+--------+-----+--------+
         Total |   6363 |   6266 |     97 |    883 |   4598 |   5 | 1272.6 |
       Dungeon |   6363 |   6266 |     97 |    883 |   4598 |   5 | 1272.6 |
               +--------+--------+--------+--------+--------+-----+--------+

Top non-repeatable levels by time:
     D:3: 1936 daAuts
     D:2: 1550 daAuts
     D:4: 1353 daAuts
     D:1: 1236 daAuts
     D:5: 286 daAuts
